Map: Dusty Gorge

Players

swapninja - Winner!

  • Race: Protoss Protoss
  • Spawn Location: 11:00

PureLegacy - Winner!

  • Race: Terran Terran
  • Spawn Location: 9:00

job

  • Race: Terran Terran
  • League: Diamond
  • Spawn Location: 5:00

ChuckNorris

  • Race: Zerg Zerg
  • League: Diamond
  • Spawn Location: 3:00

VOD

Have the link to the VOD?

Description

Time

  • Played on: Nov. 23, 2018, 10:52 a.m.
  • Length: 8:42
Show
View Real Time Build Order
Export as new Build Order

swapninja Protoss - Winner!

Build Orders: Phoenix Opening, Mass Phoenix 

Get SALT Encoding   

  12  0:02  Probe  
  13  0:14  Probe, Pylon  
  14  0:22  Probe  
  15  0:32  Probe  
  16  0:42  Gateway  
  16  0:45  Probe  
  17  0:52  Assimilator  
  17  0:55  Probe  
  17  1:03  Probe  
  18  1:08  Pylon  
  19  1:11  Probe  
  20  1:23  Probe  
  21  1:31  Cybernetics Core  
  21  1:35  Probe  
  22  1:47  Probe  
  23  2:00  Nexus  
  23  2:02  Adept  
  23  2:11  Warp Gate  
  25  2:17  Probe  
  26  2:23  Assimilator  
  26  2:26  Stalker  
  28  2:36  Pylon  
  28  2:37  Probe  
  29  2:40  Pylon  
  29  2:49  Probe  
  30  2:58  Stargate  
  30  3:01  Probe  
  31  3:12  Forge  
  31  3:13  Probe  
  32  3:25  Probe  
  33  3:28  Probe  
  33  3:33  Assimilator, Phoenix  
  34  3:37  Probe  
  34  3:40  Probe  
  38  3:50  Probe  
  38  3:52  Probe  
  38  3:53  Phoenix  
  40  3:59  Assimilator  
  42  4:03  Probe  
  43  4:10  Phoenix  
  43  4:12  Pylon  
  43  4:14  Photon Cannon  
  43  4:22  Stargate  
  45  4:26  Probe, Phoenix  
  46  4:32  Probe  
  46  4:38  Probe  
  50  4:41  Zealot  
  50  4:44  Probe  
  53  4:50  Probe  
  53  4:51  Phoenix  
  56  4:56  Probe, Pylon  
  57  5:02  Probe  
  57  5:05  Phoenix  
  60  5:21  Phoenix  
  62  5:44  Probe x2  
  62  5:46  Phoenix  
  66  5:56  Probe  
  66  5:57  Probe  
  68  6:02  Phoenix  
  70  6:09  Fleet Beacon  
  70  6:10  Protoss Air Weapons Level 1  
  70  6:11  Phoenix  
  70  6:18  Probe x2  
  74  6:27  Phoenix  
  74  6:32  Probe x2  
  78  6:45  Twilight Council  
  78  6:48  Gateway  
  78  6:49  Gateway  
  78  6:52  Gateway  
  78  6:53  Anion Pulse-Crystals  
  78  6:54  Gateway  
  78  6:57  Gateway  
  78  7:18  Nexus  
  78  7:20  Pylon  
  78  7:23  Pylon  
  78  7:33  Pylon  
  78  7:35  Pylon  
  78  7:38  Probe x2, Pylon  
  92  7:58  Zealot x2  
  92  7:59  Zealot x3  
  92  8:04  Gateway  
Show
View Real Time Build Order
Export as new Build Order

PureLegacy Terran - Winner!

Build Orders:  

Get SALT Encoding   

  12  0:00  SCV  
  13  0:13  SCV  
  14  0:17  Supply Depot  
  14  0:25  SCV  
  15  0:29  Refinery  
  15  0:39  SCV  
  16  0:48  Barracks  
  16  0:51  SCV  
  17  1:03  Barracks  
  17  1:21  Barracks  
  17  1:22  SCV  
  18  1:35  Reaper  
  18  1:39  Orbital Command  
  19  1:48  Refinery  
  19  1:52  Reaper  
  20  2:01  Supply Depot  
  20  2:07  Reaper  
  21  2:09  Reaper  
  21  2:14  SCV  
  23  2:24  Reaper  
  23  2:25  Supply Depot  
  23  2:27  SCV  
  25  2:40  Reaper  
  25  2:42  Reaper  
  27  2:56  Reaper  
  27  2:58  SCV  
  29  3:10  Command Center  
  29  3:12  Reaper  
  30  3:20  Reaper  
  30  3:26  SCV  
  32  3:40  Reaper  
  33  3:44  Barracks x2  
  33  3:59  Reaper  
  33  4:00  Reaper  
  33  4:01  SCV  
  36  4:25  Reaper  
  36  4:30  Orbital Command  
  37  4:32  Reaper  
  37  4:33  Reaper x2  
  38  4:42  Reaper  
  38  4:44  SCV  
  38  4:56  SCV x2  
  38  4:57  Refinery, Barracks, Reaper  
  38  4:58  Barracks  
  41  5:06  Reaper x3  
  43  5:17  Reaper  
  43  5:18  SCV  
  43  5:19  SCV  
  43  5:20  Refinery  
  44  5:21  Engineering Bay  
  44  5:29  Reaper  
  44  5:30  Supply Depot  
  44  5:32  SCV  
  44  5:33  SCV  
  45  5:38  Reaper  
  45  5:41  Reaper  
  47  5:45  SCV  
  47  5:49  Reaper  
  50  5:50  Reaper x2  
  50  5:51  SCV  
  50  5:56  Reaper  
  50  5:57  SCV  
  54  5:59  Supply Depot  
  54  6:03  SCV  
  54  6:04  Reaper  
  51  6:13  Reaper x2  
  51  6:15  SCV x2  
  54  6:21  Terran Infantry Weapons Level 1  
  54  6:25  Reaper  
  55  6:27  SCV x2  
  55  6:29  Reaper  
  58  6:36  Reaper  
  58  6:39  Reaper  
  60  6:40  SCV, Command Center  
  60  6:41  SCV  
  60  6:42  Reaper  
  63  6:52  Supply Depot, SCV  
  64  6:55  Reaper  
  65  7:06  Reaper x2  
  65  7:07  Reaper  
  67  7:08  SCV  
  67  7:09  SCV  
  67  7:11  Reaper  
  70  7:17  Reaper  
  70  7:18  Reaper  
  70  7:22  Supply Depot  
  72  7:24  Supply Depot  
  72  7:25  SCV  
  73  7:32  Reaper  
  73  7:36  SCV  
  75  7:37  SCV  
  75  7:38  Reaper x2  
  77  7:47  Reaper  
  77  7:49  SCV  
  77  7:50  SCV  
  80  8:01  Supply Depot, Reaper  
  80  8:02  Reaper  
  80  8:03  Barracks  
  80  8:04  Barracks x2  
  82  8:06  SCV x2  
  82  8:08  Reaper  
  85  8:18  Refinery  
  85  8:19  Refinery  
  88  8:20  SCV  
Show
View Real Time Build Order
Export as new Build Order

job Terran 

Build Orders:  

Get SALT Encoding   

  12  0:01  SCV  
  13  0:13  SCV  
  14  0:19  Supply Depot  
  14  0:25  SCV  
  15  0:32  Refinery  
  15  0:40  SCV  
  16  0:51  Barracks  
  16  0:52  SCV  
  17  1:05  SCV  
  18  1:15  Barracks  
  18  1:17  SCV  
  19  1:29  SCV  
  20  1:39  Marine  
  21  1:42  Supply Depot  
  21  1:44  Orbital Command  
  21  1:51  Refinery  
  21  1:58  Barracks Reactor  
  21  2:05  Barracks Tech Lab  
  21  2:12  Factory  
  21  2:19  SCV  
  22  2:24  Marine  
  23  2:31  SCV  
  23  2:36  Marine x2  
  26  2:38  Stimpack  
  26  2:42  Marine  
  26  2:43  SCV  
  28  2:49  Supply Depot  
  28  2:56  Marine  
  28  2:57  Marine  
  30  2:58  Factory Reactor  
  30  3:00  Marine  
  31  3:13  SCV, Starport  
  30  3:28  Marine x3  
  30  3:33  Engineering Bay  
  33  3:47  Marine x3  
  36  3:50  Factory Tech Lab  
  36  3:56  Medivac  
  36  4:02  Supply Depot  
  38  4:04  Marine  
  38  4:07  Missile Turret  
  39  4:24  Medivac, Marine x2  
  42  4:28  Medivac  
  42  4:42  Marine x3  
  45  4:49  Supply Depot  
  45  5:03  Siege Tank  
  44  5:20  Marine x2  
  44  5:21  Marine  
  46  5:23  SCV  
  47  5:35  Siege Tank, Command Center  
  46  5:36  Medivac  
  46  5:38  Marine x3  
  54  5:46  Missile Turret  
  54  5:56  Marine  
  55  6:04  Supply Depot  
  55  6:06  Marine  
  55  6:08  Marine  
  50  6:36  Marine x3  
  56  6:40  Medivac x2, Siege Tank  
  60  6:47  Combat Shield  
  60  6:54  Marine x3  
  60  6:55  Missile Turret  
  63  7:11  Marine  
  63  7:12  Marine x2  
  63  7:13  Orbital Command  
  66  7:22  Siege Tank  
  69  7:29  Marine  
  69  7:30  Marine x2  
  53  7:50  SCV  
  47  8:01  Medivac x2  
  47  8:02  SCV  
  52  8:09  Siege Tank  
  52  8:10  SCV  
  56  8:14  SCV  
  57  8:22  SCV  
  57  8:26  SCV  
Show
View Real Time Build Order
Export as new Build Order

ChuckNorris Zerg 

Build Orders: Hatch First 

Get SALT Encoding   

  12  0:01  Drone  
  13  0:13  Overlord  
  13  0:18  Drone  
  14  0:34  Drone x2  
  16  0:35  Drone  
  17  0:46  Drone  
  18  0:58  Hatchery  
  18  1:02  Drone, Extractor  
  17  1:17  Spawning Pool  
  16  1:19  Drone  
  16  1:22  Drone  
  18  1:28  Drone  
  19  1:42  Overlord  
  19  1:55  Drone  
  20  2:05  Drone  
  20  2:06  Queen  
  23  2:09  Queen  
  23  2:11  Drone x2  
  23  2:14  Metabolic Boost  
  27  2:22  Drone  
  28  2:25  Drone  
  29  2:39  Zergling x2  
  29  2:40  Zergling x2  
  30  2:46  Queen  
  30  2:47  Overlord  
  32  2:51  Zergling x2  
  33  3:00  Zergling x2  
  33  3:01  Zergling x2  
  33  3:04  Overlord  
  34  3:10  Spine Crawler  
  32  3:19  Zergling x6  
  33  3:30  Zergling x4  
  33  3:31  Drone x2  
  37  3:36  Drone  
  38  3:45  Evolution Chamber  
  37  3:54  Hatchery  
  34  3:56  Zergling x4  
  34  3:58  Queen  
  34  4:07  Zergling x2  
  28  4:17  Zergling x2  
  28  4:20  Zergling x6  
  28  4:24  Zergling x2  
  27  4:25  Zergling x2  
  27  4:28  Zergling x2  
  23  4:34  Zergling x2  
  22  4:44  Drone x4  
  23  4:51  Zergling x2  
  22  4:54  Drone  
  23  5:03  Drone  
  23  5:04  Drone  
  22  5:14  Zergling x2  
  22  5:15  Zergling x4  
  22  5:19  Drone  
  25  5:26  Spore Crawler  
  23  5:30  Zergling x2  
  23  5:34  Spore Crawler  
  15  5:45  Zergling x2  
  15  5:46  Zergling x2  
  15  5:47  Zergling x2  
  18  5:56  Drone x2  
  18  6:00  Drone  
  19  6:04  Drone  
  19  6:09  Drone  
  21  6:13  Drone  
  22  6:19  Drone  
  22  6:21  Drone  
  24  6:29  Zergling x2  
  24  6:30  Zergling x2  
  24  6:31  Zergling x2  
  26  6:34  Zergling x2  
  26  6:39  Zergling x2  
  28  6:48  Spine Crawler  
  28  6:53  Zergling x6  
  23  7:05  Zergling x6  
  25  7:21  Drone x2  
  27  7:24  Drone  
  28  7:32  Spine Crawler  
  27  7:39  Drone  
  28  7:48  Overlord  
  28  7:50  Overlord  
  28  8:04  Zergling x8  
  28  8:08  Spine Crawler  
  27  8:14  Drone  
  27  8:15  Spine Crawler  
  27  8:23  Zergling x4  
  27  8:24  Zergling x2  
Tags
 
Add a new tag
Caveats
  • Supply blocks, unpowered buildings, or Contaminate may cause inaccurate times.
  • Supply counts are checked every 10 seconds.